 Dungeon Crawl Stone Soup version 0.15-a0-35-ga771cbd (webtiles) character file.

259 4tharraofdagon the Slasher (level 6, 0/51 HPs)
             Began as a Ghoul Gladiator on Apr 2, 2014.
             Was an Initiate of Cheibriados.
             Slain by a worker ant (2 damage)
             ... on Level 4 of the Dungeon.
             The game lasted 00:04:50 (696 turns).

4tharraofdagon the Slasher (Ghoul Gladiator)         Turns: 696, Time: 00:04:50

HP   0/51        AC  4     Str 21      XL: 6   Next:  1%
MP   5/5         EV 12     Int  5      God: Cheibriados [......]
Gold 33          SH  0     Dex 10      Spells:  0 memorised,  5 levels left

rFire  + . .     SeeInvis .     a - +0 long sword
rCold  . . .     Clarity  .     b - +0 leather armour
rNeg   + + +     Conserve .     (no shield)
rPois  +         rCorr    .     c - +0 helmet
rElec  .         rRot     +     (no cloak)
SustAb . .       Spirit   .     (no gloves)
rMut   .         Warding  .     (no boots)
Saprov + + +     Stasis   .     (no amulet)
MR     .....                    (no ring)
                                h - ring of fire

@: rotting, very slow, not resistant to hostile enchantments, very unstealthy
A: rotting body, claws 1, carnivore 3, cold resistance 1, life protection 3,
poison resistance, saprovore 3, slow healing 1, torment resistance, unbreathing
a: Bend Time, Renounce Religion


You were on level 4 of the Dungeon.
You worshipped Cheibriados.
Cheibriados was noncommittal.
You were not hungry.

You visited 1 branch of the dungeon, and saw 4 of its levels.

You collected 33 gold pieces.

Inventory:

Hand weapons
 a - a +0,+0 long sword (weapon)
Armour
 b - a +0 leather armour (worn)
 c - a +0 helmet (worn)
Comestibles
 f - a meat ration
Scrolls
 e - a scroll of enchant weapon II {unknown}
 g - 2 scrolls of teleportation {unknown}
 i - 2 scrolls of random uselessness {unknown}
 j - a scroll of identify {unknown}
 k - 2 scrolls of noise {unknown}
 p - a scroll of blinking {unknown}
Jewellery
 h - a ring of fire (left claw)


   Skills:
 + Level 3.4 Fighting
 * Level 4.3 Long Blades
 - Level 1.7 Throwing
 + Level 2.0 Armour
 + Level 3.3 Dodging


You had 5 spell levels left.
You didn't know any spells.

Dungeon Overview and Level Annotations

Branches:
Dungeon (4/15)
 Temple: D:4-7

Altars:
Cheibriados


Innate Abilities, Weirdness & Mutations

Your body is rotting away.
You have sharp fingernails.
You are carnivorous and can eat meat at any time.
Your flesh is cold resistant.
You are immune to negative energy.
Your system is resistant to poisons.
You thrive on rotten meat.
You heal slowly when monsters are visible.
You are immune to unholy pain and torment.
You can survive without breathing.


Message History

You barely miss the worker ant!
The worker ant is almost dead!
The worker ant barely misses you! The worker ant closely misses you!
Unknown command!
Unknown command!
Enter note: D You closely miss the worker ant!
The worker ant is almost dead!
The worker ant misses you!
Unknown command!
You closely miss the worker ant!
The worker ant is almost dead!
The worker ant bites you but does no damage!
Unknown command!
Unknown command!
Unknown command!
You chop the worker ant but do no damage!
The worker ant is almost dead!
The worker ant barely misses you! The worker ant bites you!
You die!!!

..# #.........#
..### #.........###
....####...........
..#...##.........#
..###............#
..# ####.........#
..# ####.....## ###
#.#._.### #.....@.#
#######a#
#.........#
'.........#
#.........# ###...
#......?..# ....#
.........# #####
........# .......+


You could see a worker ant.

Vanquished Creatures
  An ogre (D:3)
  A crimson imp (D:4)
  A worker ant (D:4)
  A shadow imp (D:4)
  6 adders
  A giant gecko (D:1)
  An ooze (D:1)
  A bat zombie (D:4)
  8 goblins
  3 hobgoblins
  A quokka (D:2)
  A bat (D:4)
  A giant newt (D:2)
  2 rats (D:1)
29 creatures vanquished.

Notes
Turn   | Place    | Note
--------------------------------------------------------------
     0 | D:1      | 4tharraofdagon, the Ghoul Gladiator, began the quest for the Orb.
     0 | D:1      | Reached XP level 1. HP: 17/17 MP: 1/1
    85 | D:1      | Reached XP level 2. HP: 2/25 MP: 2/2
   133 | D:2      | Reached skill level 3 in Long Blades
   213 | D:2      | Reached skill level 1 in Armour
   213 | D:2      | Reached XP level 3. HP: 26/30 MP: 3/3
   307 | D:2      | Reached XP level 4. HP: 37/37 MP: 3/3
   410 | D:3      | Noticed an ogre
   421 | D:3      | Killed an ogre
   421 | D:3      | Reached skill level 4 in Long Blades
   421 | D:3      | Reached XP level 5. HP: 4/45 MP: 4/4
   628 | D:4      | Found a snail-covered altar of Cheibriados.
   632 | D:4      | mmm
   636 | D:4      | Became a worshipper of Cheibriados the Contemplative
   669 | D:4      | Reached XP level 6. HP: 17/49 MP: 5/5
   691 | D:4      | HP: 1/51 [worker ant (2)]
   694 | D:4      | D
   696 | D:4      | Slain by a worker ant

Action                   |  1- 3 |  4- 6 || total
-------------------------+-------+-------++-------
Melee: Long sword        |    53 |    78 ||   131
Throw: Throwing net      |    11 |     4 ||    15
  Use: Potion            |     2 |     1 ||     3
 Stab: Held in net/web   |     1 |       ||     1
